AoeStats
← [KMNB] Bandeira

Lombardia

508797550Analyzed
2v2 RM · 8d ago on Sep 24, 2026· 43m 19s· 4 players
Game mode
Random Map
Map size
Medium (4 player)
Population
200
Speed
Normal
Resources
Standard
Victory
Conquest
Starting age
Dark Age
Ending age
Imperial Age
RankedLock teamsTeams togetherTeam positionsShared explorationLock speedFull tech treeHidden civsTurbo modeCheats
Victory
Defeat
🇨🇦 Mongols · Canada
1562
+18
🇨🇳 Bohemians · China
1490
+21
🇧🇷 Magyars · Brazil
1633
-21
🇧🇷 Saracens · Brazil
1567
-18
[KMNB] Bandeira
6:13 Loom
6:22 Loom
10:41 Feudal Age
14:35 Double-Bit Axe
19:33 Scale Barding Armor
21:04 Bloodlines
25:20 Castle Age
23:54 Fletching
26:57 Husbandry
28:46 Chain Barding Armor
33:58 Gold Mining
33:59 Horse Collar
36:05 Wheelbarrow
[KMNB] Galodoido
8:28 Feudal Age
14:16 Fletching
17:28 Padded Archer Armor
18:33 Loom
20:24 Double-Bit Axe
24:15 Castle Age
24:19 Crossbowman
27:15 Bodkin Arrow
28:07 Ballistics
29:31 Bow Saw
29:03 Horse Collar
30:30 Gold Mining
31:26 Heavy Plow
36:03 Wheelbarrow
39:50 Imperial Age
38:27 Leather Archer Armor
39:06 Gold Shaft Mining
38:39 Stone Mining
38:31 Elite Skirmisher
40:09 Thumb Ring
39:51 Arbalester
40:37 Bracer
41:49 Ring Archer Armor
43:02 Chemistry
43:32 Conscription
迷途小羔羊
6:58 Loom
9:15 Feudal Age
10:27 Double-Bit Axe
12:36 Fletching
15:00 Horse Collar
16:13 Padded Archer Armor
17:47 Wheelbarrow
21:29 Castle Age
21:34 Crossbowman
22:12 Bodkin Arrow
22:40 Bow Saw
23:54 Ballistics
25:38 Chemistry
26:27 Leather Archer Armor
35:01 Imperial Age
34:47 Heavy Plow
35:07 Arbalester
35:53 Bracer
36:23 Ring Archer Armor
36:16 Conscription
38:12 Fervor
37:39 Pikeman
38:07 Elite Skirmisher
39:05 Squires
40:01 Scale Mail Armor
40:12 Forging
41:32 Chain Mail Armor
44:15 Two-Man Saw
Aron
10:51 Loom
13:37 Feudal Age
14:37 Double-Bit Axe
27:29 Castle Age
25:16 Horse Collar
27:45 Wheelbarrow
28:30 Bow Saw
28:28 Heavy Plow
28:19 Gold Mining
28:20 Stone Mining
28:55 Husbandry
29:05 Bloodlines
30:02 Hand Cart
35:22 Gold Shaft Mining
35:22 Stone Shaft Mining
38:45 Imperial Age
37:33 Bloodlines
37:24 Padded Archer Armor
37:31 Fletching
37:39 Town Watch
39:31 Thumb Ring
39:23 Bodkin Arrow
39:43 Leather Archer Armor
39:57 Conscription
40:11 Parthian Tactics
41:41 Chemistry
41:02 Ballistics
40:53 Masonry
40:34 Elite Mangudai
41:43 Drill
41:40 Onager
42:48 Capped Ram
43:45 Siege Engineers
Connection lost

Rejoining the realm…

Still unreachable

The connection could not be restored.

Session expired

The server has moved on; the page needs a fresh start.